 Dungeon Crawl Stone Soup version 0.30-a0-476-g330ca2eb8e (webtiles) character file.

Game seed: 6599975911090348961

984 experimilk the Destroyer (level 7, -3/50 HPs)
             Began as a Grey Draconian Conjurer on Dec 21, 2022.
             Slain by an ogre
             ... wielding a +0 giant club
              (17 damage)
             ... on level 5 of the Dungeon.
             The game lasted 00:12:51 (6604 turns).

experimilk the Destroyer (Grey Draconian Conjurer)  Turns: 6604, Time: 00:12:52

Health: -3/50      AC: 13    Str: 15    XL:     7   Next: 97%
Magic:  1/10       EV: 12    Int: 20    God:
Gold:   256        SH:  0    Dex: 10    Spells: 7/10 levels left

rFire   . . .      SeeInvis .    e - +2 trident (vorpal)
rCold   . . .      Faith    .    (no shield)
rNeg    . . .      Spirit   .    (body armour unavailable)
rPois   .          Reflect  .    (helmet restricted)
rElec   .          Harm     .    (no cloak)
rCorr   .          Rampage  .    i - +0 pair of gloves
Will    .....                    c - +0 pair of boots
Stlth   ++........               (no amulet)
HPRegen 0.28/turn                g - +6 ring of strength
MPRegen 0.12/turn                (no ring)

@: mighty
A: AC +11, amphibious, unfitting armour, cold-blooded
a: no special abilities


You were on level 5 of the Dungeon.
You visited 1 branch of the dungeon, and saw 5 of its levels.
You also visited: Ossuary.

You collected 256 gold pieces.

Inventory:

Hand Weapons
 b - a +0 dagger
 e - a +2 vorpal trident (weapon)
Armour
 c - a +0 pair of boots (worn)
 i - a +0 pair of gloves (worn)
Jewellery
 g - a +6 ring of strength (left hand)
 h - a ring of see invisible
 r - the Hermit's Pendant {Faith Invo=14 Evo=0 MP+5}
   (You found it on level 3 of the Dungeon)

   [amulet of faith]

   It sets your invocations skill to 14 and your evocations skill to 0.
   It allows you to gain divine favour quickly.
   MP:        It affects your magic capacity (+5).
Wands
 a - a wand of roots (4)
Scrolls
 d - a scroll of blinking
 f - 2 scrolls of enchant armour
 l - 2 scrolls of amnesia {unknown}
 n - 4 scrolls of fog
 p - a scroll of brand weapon {unknown}
 u - 2 scrolls of magic mapping
 v - a scroll of teleportation {unknown}
 x - a scroll of identify
 y - a scroll of fear {unknown}
Potions
 j - a potion of mutation {unknown}
 k - a potion of attraction {unknown}
 m - 4 potions of curing {unknown}
 o - 4 potions of might
 q - 3 potions of flight {unknown}
 s - a potion of resistance {unknown}
 t - a potion of heal wounds {unknown}
 w - a potion of brilliance {unknown}


   Skills:
 - Level 1.7 Dodging
 - Level 1.7 Stealth
 - Level 2.0 Spellcasting
 + Level 10.1 Conjurations


You had 7 spell levels left.
You knew the following spells:

 Your Spells              Type           Power      Damage    Failure   Level
a - Magic Dart            Conj           100%       1d8       1%          1
z - Searing Ray           Conj           84%        2d7       1%          2

Your spell library contained the following spells:

 Spells                   Type           Power      Damage    Failure   Level
 Dazzling Flash           Conj/Hex       44%        N/A       6%          3
 Mephitic Cloud           Conj/Pois/Air  15%        N/A       12%         3
 Fulminant Prism          Conj/Hex       11%        3d9       21%         4
 Iskenderun's Mystic Bla  Conj/Tloc      22%        2d6       21%         4
 Call Imp                 Summ           2%         N/A       24%         2


Dungeon Overview and Level Annotations

Branches:
Dungeon (5/15)            Ossuary (visited)
 Temple: D:4-7

Altars:
Qazlal
Vehumet
Zin
The Shining One

Shops:
D:1 :


Innate Abilities, Weirdness & Mutations

Your dull iron-grey scales are very hard. (AC +11)
You are amphibious.
You cannot fit into any form of body armour.
You are cold-blooded and may be slowed by cold attacks.


Message History

The searing ray hits the orc wizard!
You kill the orc wizard!
Unknown command.
An orc comes into view. It is wielding a +0 dagger.
The magic dart hits the orc.
The orc is severely wounded.
The orc shouts!
An orc priest comes into view. It is wielding a +0 war axe.
The magic dart hits the orc.
The orc is almost dead.
The orc priest calls upon Beogh to heal the orc.
The orc is healed somewhat.
You hear a shout!
You are out of magic!
Unknown command.
An ogre comes into view. It is wielding a +0 giant club.
The orc priest looks satisfied for a moment.
Found a runed platinum amulet.
You start resting.
An orc is nearby!
You puncture the orc!
You kill the orc!
Unknown command.
You start resting.
An ogre is nearby!
You hit the ogre.
The ogre is moderately wounded.
The ogre hits you with a +0 giant club!!
Unknown command.
You hit the ogre but do no damage. You tail-slap the ogre.
The ogre is moderately wounded.
The ogre hits you with a +0 giant club!
* * * LOW HITPOINT WARNING * * *
Unknown command.
You feel very mighty all of a sudden.
Unknown command.
You barely miss the ogre. You tail-slap the ogre.
The ogre is heavily wounded.
The ogre hits you with a +0 giant club!
You die...

##.#...........##...
##.#...##...........
##....##.##[.....#...
#.........#.....##....
#......#..#...).......
#......#.....?........
#..<.......o.†o......
#..........O##...)...
#####.....#.#...@#...$...
).........###>...##...O..
..........# #..... ...o..
##........##.............
#......................#
...#...##............
......## #...#........
.......# ..........."..
.......# ..


You could see an ogre and an orc priest.

Vanquished Creatures
  A black bear (D:5)
  An ogre (D:5)
  3 elf zombies (Ossuary)
  A phantom (D:5)
  A scorpion (D:2)
  A hound (D:5)
  A human zombie (Ossuary)
  2 iguanas
  Ijyb (D:3)
  Natasha (thrice) (D:3)
  An orc wizard (D:5)
  4 mummies (Ossuary)
  Robin (D:3)
  5 adders
  An adder zombie (Ossuary)
  4 worms
  5 dart slugs
  7 orcs
  6 ball pythons
  10 endoplasms
  A giant cockroach (D:2)
  A gnoll zombie (Ossuary)
  14 goblins
  5 hobgoblins
  3 quokkas
  6 bats
  4 frilled lizards
  2 goblin zombies (Ossuary)
  A hobgoblin zombie (Ossuary)
  A jackal zombie (Ossuary)
  3 kobolds
  2 orc zombies (Ossuary)
  5 rats
107 creatures vanquished.

Notes
Turn   | Place    | Note
-------+----------+-------------------------------------------
     0 | D:1      | experimilk the Draconian Conjurer began the quest for the
                  | Orb.
     0 | D:1      | Reached XP level 1. HP: 14/14 MP: 3/3
    10 | D:1      | Found a faded altar of an unknown god.
   403 | D:1      | Reached XP level 2. HP: 20/20 MP: 0/5
   572 | D:1      | Learned a level 2 spell: Searing Ray
   751 | D:1      | Found Zaevva's Vocational Training.
  1281 | D:2      | Reached skill level 5 in Conjurations
  1281 | D:2      | Reached XP level 3. HP: 26/26 MP: 2/6
  1968 | D:2      | Noticed a scorpion
  1973 | D:2      | Killed a scorpion
  1974 | D:2      | Reached skill level 6 in Conjurations
  1974 | D:2      | Reached XP level 4. HP: 33/33 MP: 1/7
  2511 | D:3      | Noticed Natasha
  2514 | D:3      | Killed Natasha
  2515 | D:3      | Reached XP level 5. HP: 38/38 MP: 4/8
  2747 | D:3      | Noticed Natasha
  2750 | D:3      | Killed Natasha
  2869 | D:3      | Noticed Robin
  3236 | D:3      | Noticed Natasha
  3242 | D:3      | Killed Natasha
  3243 | D:3      | Reached skill level 7 in Conjurations
  3266 | D:3      | Killed Robin
  3624 | D:3      | Noticed Ijyb
  3636 | D:3      | Killed Ijyb
  3637 | D:3      | Reached XP level 6. HP: 3/45 MP: 3/9
  3945 | D:3      | Found a faded altar of an unknown god.
  3945 | D:3      | Found the Hermit's Pendant {Faith Invo=14 Evo=0 MP+5}
  4206 | D:4      | Found a sand-covered staircase.
  4215 | Ossuary  | Entered an ossuary
  4306 | Ossuary  | Reached skill level 8 in Conjurations
  4492 | Ossuary  | Your scales start taking on a dull iron-grey colour.
  4492 | Ossuary  | Reached XP level 7. HP: 50/50 MP: 0/10
  5060 | D:4      | Reached skill level 9 in Conjurations
  5066 | D:4      | Identified the amulet of the Slug {Spirit rElec rC+}
  5679 | D:4      | Found a glowing golden altar of the Shining One.
  5726 | D:4      | Found a glowing silver altar of Zin.
  5805 | D:4      | Found a radiant altar of Vehumet.
  5897 | D:4      | Found a stormy altar of Qazlal.
  6206 | D:5      | Entered Level 5 of the Dungeon
  6585 | D:5      | Reached skill level 10 in Conjurations
  6604 | D:5      | Slain by an ogre

Illustrated notes

Levels and vault maps discovered:
D:1:      giann_forest_graveyard, layout_loops_cross,
          hellmonk_ecumenical_altar_crossroads, grunt_decor_resistance,
          nicolae_shop_vocational
D:2:      layout_loops_ring, chequers_serial_rivers_marsh,
          kennysheep_generic_room_15, uniq_crazy_yiuf_cottage
D:3:      layout_loops_ring, hellmonk_guarded_unrand_hermit, uniq_natasha,
          uniq_robin, uniq_ijyb
D:4:      layout_loops_corners, nicolae_tso_carved_into_rock,
          nicolae_vehumet_altar_sigil, kennysheep_mini_moat,
          lemuel_coloured_pillars_altar, nicolae_ossuary_entry_ruins,
          cheibrodos_sewer_entry_bend
D:5:      layout_cave_pools, nicolae_kikubaaqudgha_miasma_corner,
          lemuel_tele_altar, kennysheep_pointless_box

Skill      XL: |  1  2  3  4  5  6  7 |
---------------+----------------------+-----
Conjurations   | 5 6 7 8 10 | 10.1
Dodging        | |  1.7
Stealth        | |  1.7
Spellcasting   | |  2.0

Action                   |  1- 3 |  4- 6 |  7- 9 || total
-------------------------+-------+-------+-------++-------
Melee: Unarmed           |     3 |       |       ||     3
       Tailslap          |     4 |    10 |     2 ||    16
       Dagger            |     7 |    57 |       ||    64
       Punch             |       |     1 |       ||     1
       Trident           |       |       |     7 ||     7
 Cast: Magic Dart        |    51 |    29 |    22 ||   102
       Searing Ray       |     9 |    27 |    18 ||    54
Evoke: Wand              |       |     6 |       ||     6
  Use: Scroll            |     3 |     3 |     3 ||     9
       Potion            |       |     3 |     1 ||     4
Armor: Skin              |     2 |    44 |     2 ||    48
Dodge: Dodged            |     6 |    76 |     3 ||    85

Table legend: (Time is in decaauts)
 A = Elapsed time spent in this place.
 B = Non-inter-level travel time spent in this place.
 C = Inter-level travel time spent in this place.
 D = Time resting spent in this place.
 E = Time spent auto-exploring this place.
 F = Levels seen in this place.
 G = Mean time per level.
                   A        B        C        D        E       F      G
               +--------+--------+--------+--------+--------+-----+--------+
         Total |   6568 |   6372 |    196 |   1430 |   4078 |   6 | 1094.7 |
       Dungeon |   5773 |   5577 |    196 |   1014 |   3952 |   5 | 1154.6 |
       Ossuary |    794 |    794 |      0 |    416 |    126 |   1 |  794.0 |
               +--------+--------+--------+--------+--------+-----+--------+

Top non-repeatable levels by time:
     D:3: 1739 daAuts
     D:2: 1222 daAuts
     D:1: 1208 daAuts
     D:4: 1203 daAuts
 Ossuary: 794 daAuts
     D:5: 399 daAuts
